 Dungeon Crawl Stone Soup version 0.20.1-1-g8b1a95d (webtiles) character file.

91 Timinator the Insei (level 4, -9/34 HPs)
             Began as a Vampire Monk on Sept 7, 2017.
             Mangled by an ogre
             ... wielding a +0 giant club
              (25 damage)
             ... on level 4 of the Dungeon.
             The game lasted 00:18:18 (1343 turns).

Timinator the Insei (Vampire Monk)                  Turns: 1343, Time: 00:18:18

Health: -9/34      AC:  6    Str: 10    XL:     4   Next: 33%
Magic:  4/4        EV: 12    Int: 12    God:
Gold:   78         SH:  0    Dex: 17    Spells: 3/3 levels left

rFire    . . .     SeeInvis +     - Unarmed
rCold    . . .     Gourm    .   (no shield)
rNeg     . . .     Faith    .   k - +0 ring mail
rPois    .         Spirit   .   (no helmet)
rElec    .         Reflect  .   (no cloak)
rCorr    .         Harm     .   f - +0 pair of gloves
MR       .....                  (no boots)
Stlth    ++........             (no amulet)
Regen    0.4/turn               (no ring)
MPRegen  0.1/turn               (no ring)

@: regenerating quickly
A: fangs 3, see invisible, unbreathing
a: no special abilities


You were on level 4 of the Dungeon.
You were full.

You visited 1 branch of the dungeon, and saw 4 of its levels.

You collected 78 gold pieces.

Inventory:

Missiles
 c - 3 javelins (quivered)
 o - 4 tomahawks of dispersal
Armour
 a - a +0 robe
 f - a +0 pair of gloves (worn)
 k - a +0 ring mail (worn)
Scrolls
 g - a scroll of immolation {unknown}
 h - a scroll of blinking {unknown}
 i - a scroll of remove curse
 l - a scroll of random uselessness {unknown}
 m - a scroll of recharging {unknown}
 n - a scroll of teleportation {unknown}
 q - a scroll of magic mapping {unknown}
Potions
 b - 13 potions of blood
 d - a potion of flight {unknown}
 e - a potion of cancellation {unknown}
 j - a potion of mutation {unknown}
 p - a potion of curing {unknown}


   Skills:
 + Level 2.8 Fighting
 * Level 1.4 Armour
 * Level 4.1 Dodging
 - Level 3.0 Stealth
 + Level 4.3 Unarmed Combat


You had 3 spell levels left.
You didn't know any spells.

Dungeon Overview and Level Annotations

Branches:
Dungeon (4/15)
 Temple: D:4-7

Altars:
Kikubaaqudgha
The Shining One


Innate Abilities, Weirdness & Mutations

Your natural rate of healing is unusually fast.
You have razor-sharp teeth.
You have supernaturally acute eyesight. (SInv)
You can survive without breathing.


Message History

Throwing (i - inventory. (,) - cycle):
c - 5 javelins (quivered)
Press: ? - help, Shift-Dir - straight line, f/p - worker ant
Aim: a worker ant (moderately wounded)
You throw a javelin. The javelin hits the worker ant.
The worker ant is heavily wounded.
Throwing (i - inventory. (,) - cycle):
c - 4 javelins (quivered)
Press: ? - help, Shift-Dir - straight line, f/p - worker ant
Aim: a worker ant (heavily wounded)
You throw a javelin. The javelin hits the worker ant.
The worker ant is severely wounded.
You hit the worker ant.
The worker ant is almost dead.
The worker ant misses you. The ogre hits you with a giant club!
Ouch! That really hurt!
The worker ant bites you.
You hit the worker ant but do no damage.
The worker ant is almost dead.
The ogre hits you with a giant club!!
Ouch! That really hurt!
You die...

#.. #......#
#...#......######
#...#...........########
+...O.......>..........#
#..........###.##...#.#
#..........##.........#
#...##'###.#........###
.... #O# #.##.....#.#
#.. #@# #.#........#
#......a..#.#<.#...###
#......(..# #......#
l#####....# #..#...#
..(.##........#
.....##........#
...(.##.#...#..#
......##........#
###.....##


You could see an ogre, a worker ant and a leopard gecko (sleeping).

Vanquished Creatures
  3 adders
  4 leopard geckos
  2 orcs (D:3)
  4 giant cockroaches
  7 goblins
  12 hobgoblins
  6 jackals
  7 bats
  2 frilled lizards (D:2)
  A kobold (D:2)
  A leopard gecko skeleton (D:4)
  3 rats
52 creatures vanquished.

Notes
Turn   | Place    | Note
-------+----------+-------------------------------------------
     0 | D:1      | Timinator the Vampire Monk began the quest for the Orb.
     0 | D:1      | Reached XP level 1. HP: 17/17 MP: 1/1
   163 | D:1      | Reached XP level 2. HP: 17/23 MP: 2/2
   535 | D:2      | Found an ancient bone altar of Kikubaaqudgha.
   624 | D:2      | Reached XP level 3. HP: 28/28 MP: 3/3
   685 | D:2      | Reached skill level 1 in Armour
   709 | D:2      | Found a glowing golden altar of the Shining One.
  1132 | D:3      | Reached XP level 4. HP: 34/34 MP: 4/4
  1335 | D:4      | Noticed an ogre
  1343 | D:4      | Mangled by an ogre

Skill      XL: |  1  2  3 |
---------------+----------+-----
Armour         | 1 |  1.4
Unarmed Combat | 4 |  4.3
Dodging        | 4 |  4.1
Fighting       | |  2.8
Stealth        | |  3.0

Action                   |  1- 3 |  4- 6 || total
-------------------------+-------+-------++-------
Melee: Unarmed           |   153 |    19 ||   172
       Bite              |    12 |     1 ||    13
       Punch             |     1 |     1 ||     2
Throw: Javelin           |     7 |     4 ||    11
  Use: Scroll            |     3 |       ||     3
 Stab: Sleeping          |     4 |       ||     4
  Eat: Corpse            |     7 |     1 ||     8
Armor: Robe              |    26 |       ||    26
       Ring mail         |    20 |     2 ||    22
Dodge: Dodged            |    81 |    11 ||    92
